Map: Eternal Empire LE

Players

Astrea - Winner!

  • Race: Protoss Protoss
  • Spawn Location: 7:00

Future

  • Race: Terran Terran
  • Spawn Location: 1:00

Event: DreamHack SC2 Masters 2020 Summer North America

VOD

Have the link to the VOD?

Description

Time

  • Played on: July 12, 2020, 3:41 p.m.
  • Length: 6:18

All games in this series

Show
View Real Time Build Order
Export as new Build Order

Astrea Protoss - Winner!

Build Orders: 1 Gate Expand, Blink Stalkers 

Get SALT Encoding   

  12  0:00  Probe  
  13  0:12  Probe  
  14  0:17  Pylon  
  14  0:23  Probe  
  15  0:31  Probe  
  16  0:38  Gateway  
  16  0:39  Probe  
  16  0:47  Assimilator  
  17  0:51  Probe  
  18  1:04  Probe  
  19  1:16  Probe  
  20  1:25  Cybernetics Core  
  20  1:34  Nexus  
  20  1:37  Probe  
  21  1:45  Pylon  
  21  1:49  Probe  
  21  1:52  Assimilator  
  21  1:53  Adept  
  22  2:01  Probe  
  25  2:08  Shield Battery  
  25  2:11  Warp Gate  
  25  2:14  Probe, Stalker  
  26  2:26  Probe  
  29  2:38  Probe  
  29  2:40  Twilight Council  
  30  2:47  Probe  
  30  2:50  Probe  
  32  2:59  Probe  
  32  3:01  Robotics Facility  
  32  3:02  Probe  
  32  3:03  Blink  
  34  3:11  Probe  
  35  3:15  Probe  
  36  3:23  Probe  
  37  3:27  Probe  
  37  3:32  Gateway  
  38  3:35  Probe  
  38  3:36  Gateway  
  38  3:40  Probe  
  40  3:45  Observer  
  40  3:46  Gateway  
  40  3:47  Probe  
  39  3:52  Probe  
  41  3:58  Pylon  
  41  3:59  Probe, Stalker  
  44  4:03  Warp Prism  
  44  4:07  Pylon  
  46  4:15  Assimilator  
  46  4:17  Probe x2  
  48  4:27  Stalker x2  
  48  4:30  Stalker  
  54  4:32  Probe  
  54  4:33  Pylon  
  54  4:36  Assimilator  
  55  4:43  Stalker  
  55  4:44  Observer  
  58  4:48  Probe x2  
  58  4:51  Pylon  
  60  4:54  Stalker x2  
  62  5:16  Stalker x2  
  64  5:21  Stalker x2  
  64  5:23  Probe x2  
  64  5:26  Pylon  
  70  5:41  Pylon  
  70  5:43  Pylon  
  70  5:50  Stalker x4  
  65  6:15  Stalker x4  
Show
View Real Time Build Order
Export as new Build Order

Future Terran 

Build Orders: Liberator Opening 

Get SALT Encoding   

  12  0:00  SCV  
  13  0:12  SCV  
  14  0:17  Supply Depot  
  14  0:25  SCV  
  15  0:39  SCV  
  15  0:40  Barracks  
  16  0:43  Refinery  
  16  0:51  SCV  
  17  1:03  SCV  
  18  1:15  SCV  
  19  1:27  Orbital Command, Marine  
  20  1:43  Command Center  
  20  1:51  Factory  
  20  1:55  SCV  
  21  2:02  Barracks Reactor  
  21  2:07  SCV  
  22  2:10  Supply Depot  
  22  2:12  Refinery  
  22  2:19  SCV  
  23  2:32  SCV  
  24  2:43  Starport  
  24  2:44  SCV  
  24  2:48  Hellion x2  
  28  2:56  SCV  
  29  3:01  Orbital Command  
  30  3:05  Reaper  
  30  3:09  Hellion x2  
  30  3:12  SCV  
  35  3:21  Liberator  
  38  3:32  Hellion x2  
  41  3:38  SCV  
  40  3:42  SCV  
  40  3:46  Barracks Tech Lab  
  41  3:50  SCV  
  41  3:51  Supply Depot  
  41  3:54  SCV  
  43  4:02  SCV  
  43  4:06  SCV  
  45  4:12  Siege Tank  
  45  4:13  Supply Depot  
  45  4:15  SCV  
  49  4:17  Marine x2, Barracks  
  49  4:19  SCV  
  49  4:20  Viking  
  54  4:29  Supply Depot  
  54  4:32  Barracks  
  54  4:35  SCV x2  
  56  4:39  Marine x2  
  56  4:45  Siege Tank  
  61  4:47  SCV  
  61  4:48  Bunker  
  61  4:51  SCV, Starport Tech Lab  
  63  4:56  Engineering Bay  
  63  4:59  SCV  
  64  5:02  Refinery  
  64  5:03  SCV  
  63  5:08  Marine x2  
  63  5:11  SCV  
  65  5:15  SCV  
  65  5:17  Supply Depot x2  
  65  5:18  Starport Reactor, Refinery  
  66  5:25  SCV  
  66  5:27  SCV  
  68  5:29  Factory Reactor  
  68  5:38  SCV  
  68  5:39  SCV, Marauder  
  69  5:43  Marauder  
  60  5:52  SCV  
  55  5:57  Marine  
  55  5:58  Marine  
Tags
 
Add a new tag
Caveats
  • Supply blocks, unpowered buildings, or Contaminate may cause inaccurate times.
  • Supply counts are checked every 10 seconds.